 Dungeon Crawl Stone Soup version 0.30.0-19-g36f170ea60 (webtiles) character file.

Game seed: 6149730863291012779

641412 wingedge the Worldbinder (level 27, -1/271 (278) HPs)
             Began as a Human Ice Elementalist on May 29, 2023.
             Was a High Priest of Sif Muna.
             Killed from afar by a crystal guardian (17 damage)
             ... with a crystal bolt
             ... in the Vestibule of Hell.
             The game lasted 06:47:03 (87096 turns).

wingedge the Worldbinder (Human Ice Elementalist)  Turns: 87096, Time: 06:47:04

HP:   -1/271 (278)  AC: 40    Str: 19    XL:     27
MP:   7/45          EV: 19    Int: 25    God:    Sif Muna [*****.]
Gold: 5167          SH: 24    Dex: 16    Spells: 6/63 levels left

rFire   + . .        b - +9 double sword (flame)
rCold   + . .        M - +5 kite shield {rC+}
rNeg    + . .        w - melded +2 robe {Archmagi}
rPois   ∞            v - +0 mask of the Dragon {Will+ Slay+3 SInv}
rElec   +            Q - +2 cloak {rCorr}
rCorr   +            A - melded +3 pair of gloves of the Sufficient Wumpus {rF+ Will+}
SInv    +            V - melded +2 pair of boots "Dokh" {Str+3 Dex+3 Stlth+}
Will    +++..        p - amulet of Deblidd {Reflect Regen+ Str+2 SH+5 Stlth+}
Stlth   +++++++      R - ring "Runlegil" {*Corrode rElec rF+ AC+4 Str+5}
HPRegen 1.45/turn    m - ring "Oppur" {Wiz +Blink Fly rPois Str+3}
MPRegen 0.29/turn

%: corrode self (3%), reflection, wizardry (x1)
@: brilliant, statue-form, calling dragons, flying, hasted, studying
Spellcasting, lightly drained
A: slow and powerful, torment resistance 1, boosted hp, weak 1
}: 5/15 runes: serpentine, barnacled, slimy, silver, abyssal
a: End Transformation, Renounce Religion, Evoke Blink, Channel Magic, Forget
Spell, Divine Exegesis


You were in the Vestibule of Hell.
You worshipped Sif Muna.
Sif Muna was extremely pleased with you.
You were a living statue of rough stone.
You visited 13 branches of the dungeon, and saw 56 of its levels.
You visited the Abyss 1 time.
You also visited: Ice Cave, Volcano and Wizlab.

You collected 10208 gold pieces.
You spent 5041 gold pieces at shops.

Inventory:

Hand Weapons
 a - the +0 spear of the Endless Seas {heavy, Int+4}
   (You bought it in a shop on level 4 of the Shoals)

   Int:       It affects your intelligence (+4).
 b - a +9 double sword of flaming (weapon)
 k - the +6 Majin-Bo {spellvamp, MP+6 Int+6}
   (You found it on level 5 of the Pits of Slime)

   Int:       It affects your intelligence (+6).
   MP:        It affects your magic capacity (+6).
 F - a +1 vampiric double sword
Missiles
 z - 10 throwing nets
Armour
 v - the +0 mask of the Dragon (worn) {Will+ Slay+3 SInv}
   (You bought it in a shop on level 2 of the Orcish Mines)

   Slay:      It affects your accuracy & damage with ranged weapons and melee
   (+3).
   SInv:      It lets you see invisible.
   Will:      It increases your willpower.
 w - a +2 robe of the Archmagi (melded)
 A - the +3 pair of gloves of the Sufficient Wumpus (melded) {rF+ Will+}
   (You acquired it on level 3 of the Vaults)

   rF:        It protects you from fire.
   Will:      It increases your willpower.
 M - a +5 kite shield of cold resistance (worn)
 Q - a +2 cloak of preservation (worn)
 V - the +2 pair of boots "Dokh" (melded) {Str+3 Dex+3 Stlth+}
   (You found it on level 10 of the Dungeon)

   Str:       It affects your strength (+3).
   Dex:       It affects your dexterity (+3).
   Stlth:     It makes you more stealthy.
Magical Staves
 c - the staff of cold "Ciypt" {rF++ rC+ SInv}
   (You found it on level 1 of the Crypt)

   [staff of cold]

   Base accuracy: +5 Base damage: 5 Base attack delay: 1.2 This weapon's minimum
   attack delay (0.6) is reached at skill level 12.
   rF:        It greatly protects you from fire.
   rC:        It protects you from cold.
   SInv:      It lets you see invisible.
   It falls into the 'Staves' category.
   It is a one-handed weapon.
Jewellery
 m - the ring "Oppur" (right fist) {Wiz +Blink Fly rPois Str+3}
   (You acquired it on level 3 of the Snake Pit)

   [ring of wizardry]

   It improves your spell success rate.
   Str:       It affects your strength (+3).
   rPois:     It protects you from poison.
   Fly:       It grants you flight.
   +Blink:    It lets you blink.
 p - the amulet of Deblidd (around neck) {Reflect Regen+ Str+2 SH+5 Stlth+}
   (You found it on level 5 of the Vaults)

   [amulet of reflection]

   It reflects blocked missile attacks.
   Str:       It affects your strength (+2).
   Regen:     It increases your rate of health regeneration.
   SH:        It affects your SH (+5).
   Stlth:     It makes you more stealthy.
 r - the ring "Xahits" {MP+9 SInv}
   (You found it on level 3 of the Elven Halls)

   [ring of magical power]

   MP:        It affects your magic capacity (+9).
   SInv:      It lets you see invisible.
 D - a ring of willpower
 R - the ring "Runlegil" (left fist) {*Corrode rElec rF+ AC+4 Str+5}
   (You found it on level 9 of the Dungeon)

   [ring of protection]

   AC:        It affects your AC (+4).
   Str:       It affects your strength (+5).
   rF:        It protects you from fire.
   rElec:     It insulates you from electricity.
   *Corrode:  It may corrode you when you take damage.
 T - the ring of Oracs {rPois rC+ Int+6 Slay-4 Stlth+}
   (You found it on level 3 of the Elven Halls)

   [ring of intelligence]

   Int:       It affects your intelligence (+6).
   Slay:      It affects your accuracy & damage with ranged weapons and melee
   (-4).
   rC:        It protects you from cold.
   rPois:     It protects you from poison.
   Stlth:     It makes you more stealthy.
Wands
 W - a wand of digging (5)
 X - a wand of quicksilver (9)
Scrolls
 e - 10 scrolls of fear
 f - 3 scrolls of summoning
 g - 8 scrolls of magic mapping
 i - 23 scrolls of teleportation
 j - 7 scrolls of enchant armour
 n - 9 scrolls of fog
 y - 6 scrolls of poison
 G - 5 scrolls of amnesia
 I - 3 scrolls of enchant weapon
 K - 3 scrolls of blinking
Potions
 d - 8 potions of attraction
 h - 2 potions of heal wounds
 l - 13 potions of magic
 o - 9 potions of might
 q - 5 potions of cancellation
 t - 2 potions of ambrosia
 u - 4 potions of brilliance
 x - 9 potions of mutation
 C - 7 potions of haste
 E - 7 potions of flight
 J - 23 potions of curing
 L - 4 potions of resistance
 O - 5 potions of berserk rage
 S - 5 potions of invisibility
Miscellaneous
 s - a phantom mirror (inert) (quivered)


   Skills:
 - Level 17.0 Fighting
 + Level 11.0 Long Blades
 - Level 10.0 Armour
 + Level 13.3 Dodging
 + Level 15.5 Stealth
 - Level 16.0 Shields
 + Level 18.5 Spellcasting
 - Level 15.0 Conjurations
 - Level 9.0 Hexes
 + Level 22.6 Summonings
 - Level 8.0 Necromancy
 - Level 11.0 Transmutations
 - Level 8.0 Ice Magic
 + Level 12.7 Earth Magic
 - Level 12.0 Invocations


You had 6 spell levels left.
You knew the following spells:

 Your Spells              Type           Power      Damage    Failure   Level
a - Iron Shot             Conj/Erth      47%        9d9       1%          6
b - Monstrous Menagerie   Summ           58%        N/A       1%          7
c - Haunt                 Necr/Summ      49%        N/A       1%          7
d - Spellforged Servitor  Conj/Summ      54%        N/A       1%          7
e - Sublimation of Blood  Necr           76%        N/A       1%          2
f - Dragon's Call         Summ           58%        N/A       12%         9
g - Yara's Violent Unrav  Hex/Tmut       41%        3d16      1%          5
h - Statue Form           Tmut/Erth      59%        N/A       1%          6
i - Summon Horrible Thin  Summ           58%        N/A       1%          8

Your spell library contained the following spells:

 Spells                   Type           Power      Damage    Failure   Level
 Magic Dart               Conj           100%       1d8       0%          1
 Sandblast                Erth           100%       2d20      0%          1
 Summon Small Mammal      Summ           100%       N/A       0%          1
 Call Imp                 Summ           100%       N/A       0%          2
 Searing Ray              Conj           100%       2d8       0%          2
 Call Canine Familiar     Summ           100%       N/A       0%          3
 Summon Guardian Golem    Hex/Summ       100%       N/A       0%          3
 Animate Armour           Summ/Erth      100%       N/A       0%          4
 Apportation              Tloc           68%        N/A       1%          1
 Beastly Appendage        Tmut           100%       N/A       1%          1
 Foxfire                  Conj/Fire      100%       2x1d9     1%          1
 Freeze                   Ice            100%       1d10      1%          1
 Kiss of Death            Conj/Necr      100%       2d13      1%          1
 Necrotise                Necr           100%       1d9       1%          1
 Shock                    Conj/Air       100%       1d9       1%          1
 Slow                     Hex            100%       N/A       1%          1
 Sting                    Tmut/Pois      100%       1d8       1%          1
 Blink                    Tloc           68%        N/A       1%          2
 Cigotuvi's Dreadful Rot  Necr/Pois/Air  100%       N/A       1%          2
 Ensorcelled Hibernation  Hex/Ice        100%       N/A       1%          2
 Lesser Beckoning         Tloc           68%        N/A       1%          2
 Momentum Strike          Conj/Tloc      100%       3d10      1%          2
 Passwall                 Tmut/Erth      74%        N/A       1%          2
 Poisonous Vapours        Pois/Air       68%        N/A       1%          2
 Scorch                   Fire           68%        2d7       1%          2
 Static Discharge         Conj/Air       100%       2-7/arc   1%          2
 Wereblood                Tmut           87%        N/A       1%          2
 Confusing Touch          Hex            80%        N/A       1%          3
 Dazzling Flash           Conj/Hex       100%       N/A       1%          3
 Frozen Ramparts          Ice            100%       1d16      1%          3
 Hailstorm                Conj/Ice       88%        3d18      1%          3
 Ignite Poison            Fire/Tmut/Pois 58%        N/A       1%          3
 Inner Flame              Hex/Fire       62%        N/A       1%          3
 Mephitic Cloud           Conj/Pois/Air  64%        N/A       1%          3
 Ozocubu's Armour         Ice            76%        N/A       1%          3
 Portal Projectile        Hex/Tloc       100%       N/A       1%          3
 Spider Form              Tmut/Pois      66%        N/A       1%          3
 Stone Arrow              Conj/Erth      100%       3d13      1%          3
 Tukima's Dance           Hex            80%        N/A       1%          3
 Vampiric Draining        Necr           76%        2d11      1%          3
 Anguish                  Hex/Necr       39%        N/A       1%          4
 Animate Dead             Necr           76%        N/A       1%          4
 Cause Fear               Hex            40%        N/A       1%          4
 Dispel Undead            Necr           76%        3d25      1%          4
 Flame Wave               Conj/Fire      74%        2d16      1%          4
 Fulminant Prism          Conj/Hex       45%        3d21      1%          4
 Ice Form                 Ice/Tmut       82%        N/A       1%          4
 Iskenderun's Mystic Bla  Conj/Tloc      74%        2d15      1%          4
 Leda's Liquefaction      Hex/Erth       43%        N/A       1%          4
 Petrify                  Tmut/Erth      89%        N/A       1%          4
 Sticky Flame             Conj/Fire      74%        2d9       1%          4
 Summon Ice Beast         Ice/Summ       99%        N/A       1%          4
 Summon Lightning Spire   Summ/Air       88%        N/A       1%          4
 Agony                    Necr           76%        N/A       1%          5
 Arcjolt                  Conj/Air       37%        1d47      1%          5
 Blade Hands              Tmut           43%        N/A       1%          5
 Borgnjor's Vile Clutch   Necr/Erth      42%        N/A       1%          5
 Fireball                 Conj/Fire      37%        3d15      1%          5
 Freezing Cloud           Conj/Ice/Air   37%        6-21      1%          5
 Irradiate                Conj/Tmut      46%        3d27      1%          5
 Iskenderun's Battlesphe  Conj           99%        2d15      1%          5
 Lee's Rapid Deconstruct  Erth           46%        3d22*     1%          5
 Metabolic Englaciation   Hex/Ice        39%        N/A       1%          5
 Summon Forest            Summ/Tloc      44%        N/A       1%          5
 Summon Mana Viper        Hex/Summ       100%       N/A       1%          5
 Summon Cactus Giant      Summ           58%        N/A       1%          6
 Gell's Gravitas          Tloc           34%        N/A       4%          3
 Swiftness                Air            34%        N/A       4%          3
 Teleport Other           Tloc           34%        N/A       4%          3
 Vhi's Electric Charge    Tloc/Air       68%        N/A       4%          3
 Volatile Blastmotes      Fire/Tloc      68%        2d15      4%          3
 Silence                  Hex/Air        31%        N/A       6%          5
 Death Channel            Necr           38%        N/A       8%          6
 Simulacrum               Ice/Necr       38%        N/A       8%          6
 Conjure Ball Lightning   Conj/Air       37%        3x3d12    9%          6
 Starburst                Conj/Fire      37%        6d11      9%          6
 Airstrike                Air            17%        2d(3-19)  12%         4
 Manifold Assault         Tloc           34%        N/A       12%         4
 Olgreb's Toxic Radiance  Pois           34%        N/A       12%         4
 Passage of Golubria      Tloc           34%        N/A       12%         4
 Eringya's Noxious Bog    Tmut/Pois      33%        N/A       21%         6
 Dispersal                Tloc           17%        N/A       86%         6
 Plasma Beam              Fire/Air       17%        2x1d31    86%         6
 Summon Hydra             Summ           58%        N/A       1%          7
 Orb of Destruction       Conj           49%        9d13      2%          7
 Malign Gateway           Summ/Tloc      44%        N/A       11%         7
 Dragon Form              Tmut           43%        N/A       12%         7
 Enfeeble                 Hex            40%        N/A       26%         7
 Lehudib's Crystal Spear  Conj/Erth      47%        10d11     26%         8
 Ozocubu's Refrigeration  Ice            38%        4d15      36%         7
 Storm Form               Tmut/Air       33%        N/A       69%         7
 Necromutation            Tmut/Necr      41%        N/A       82%         8
 Discord                  Hex            40%        N/A       87%         8
 Borgnjor's Revivificati  Necr           38%        N/A       95%         8
 Infestation              Necr           38%        N/A       95%         8
 Shatter                  Erth           46%        3d35*     99%         9
 Disjunction              Tloc           17%        N/A       100%        8
 Ignition                 Fire           17%        3d7       100%        8
 Chain Lightning          Conj/Air       37%        3d49      100%        9
 Death's Door             Necr           38%        N/A       100%        9
 Fire Storm               Conj/Fire      37%        8d9       100%        9
 Polar Vortex             Ice            38%        N/A       100%        9


Dungeon Overview and Level Annotations

Branches:
Dungeon (15/15)            Temple (1/1) D:4            Lair (5/5) D:9
 Shoals (4/4) Lair:3        Snake (4/4) Lair:3        Slime (5/5) Lair:5
    Orc (2/2) D:11            Elf (3/3) Orc:2        Vaults (5/5) D:14
  Crypt (3/3) Vaults:3       Tomb (0/3) Crypt:3      Depths (4/4) D:15
   Hell (1/1)                 Zot (4/5) Depths:4      IceCv (visited)
Volcano (visited)          WizLab (visited)
    Dis: Hell:1         Geh: Hell:1         Coc: Hell:1         Tar: Hell:1

Altars:
Ashenzari
Cheibriados
Dithmenos
Elyvilon
Fedhas
Gozag
Hepliaklqana
Kikubaaqudgha
Makhleb
Nemelex Xobeh
Okawaru
Qazlal
Ru
Sif Muna
Trog
Uskayaw
Vehumet
Wu Jian
Xom
Yredelemnul
Zin
The Shining One
Jiyva

Shops:
D:4 [   D:10 (   D:13 *   D:15 *   Orc:1 ::   Orc:2 =(=*(([(:   Elf:1 [
Shoals:1 =   Shoals:2 ?   Shoals:3 :   Shoals:4 *!=*   Snake:1 [[   Vaults:1 !
Vaults:3 (   Vaults:4 *   Depths:4 :=:

Portals:
Hell: Depths:1 Depths:2 Depths:3 Depths:4
Abyss: Depths:1 Depths:3
Pandemonium: Depths:2 Depths:3 Depths:4
Ziggurat: Depths:2

Annotations:
Hell Geryon


Innate Abilities, Weirdness & Mutations

You are a living statue of rough stone.
Your actions are slow, but your melee attacks are powerful.
You are resistant to unholy torment.
Your maximum health is greatly increased.
You are immune to poison.
Your equipment is partially melded.
You are weak. (Str -2)


Message History

The crystal bolt burns you! You resist.
* * * LOW HITPOINT WARNING * * *
The crystal bolt burns you. You resist.
* * * LOW HITPOINT WARNING * * *
You barely miss the iron troll.
The iron troll is severely wounded.
A dragon arrives to answer your call!
You hear a shout! x2
Your storm dragon bites Geryon.
Your storm dragon claws Geryon but does no damage.
Your storm dragon tramples Geryon but does no damage.
You cut the iron troll into ribbons!!! You burn the iron troll.
You kill the iron troll!
Sif Muna accepts your kill. A dragon arrives to answer your call!
The hell beast roars, "Away with thee lest death find thee!"
Your storm dragon bites Geryon!
Your storm dragon claws Geryon but does no damage.
Your storm dragon tramples Geryon but does no damage.
Geryon tail-slaps your storm dragon but does no damage.
The crystal guardian fires a crystalline bolt at you.
The crystal bolt burns the hell beast!!
The crystal bolt burns you! You resist.
* * * LOW HITPOINT WARNING * * *
The crystal bolt burns you! You resist.
* * * LOW HITPOINT WARNING * * *
Your golden dragon bites the storm dragon simulacrum!!
The storm dragon simulacrum vaporises!
Sif Muna accepts your kill.
You feel much better.
Your storm dragon bites Geryon!
Your storm dragon claws Geryon.
Your storm dragon barely misses Geryon.
Geryon tail-slaps your storm dragon!!
Your storm dragon looks weaker.
The crystal guardian fires a crystalline bolt at you.
The crystal bolt freezes the hell beast!
The hell beast dies!
The hell beast disappears in a puff of smoke!
The crystal bolt freezes you!! You resist.
* * * LOW HITPOINT WARNING * * *
The crystal bolt freezes you! You resist.
You die...

#############
#8§22&D.....##
###9z.##.....##
##22##......##
#.2)).......##
##Z.D.........##
#........2D....#
#..z)§.§........
##...4...).......
##...)............


You could see Geryon (black mark, distracted, ally target), 5 hell beasts, a
skeletal warrior (black mark), a crystal guardian, a friendly golden dragon
(summoned) and a friendly storm dragon (summoned, weak).

Vanquished Creatures
  the Royal Jelly (Slime:5)
  An ancient lich (Vaults:5)
  A dread lich (Vaults:5)
  A golden dragon (Depths:4)
  A doom hound (Depths:3)
  An electric golem (Zot:2)
  3 liches
  4 tentacled monstrosities (Zot:3)
  A deep elf master archer (Elf:3)
  A walking earthen tome (Depths:2)
  4 acid blobs
  3 quicksilver dragons
  3 titans
  A deep elf blademaster (Abyss:3)
  Murray (Hell)
  An ancient champion (Hell)
  A death cob (Zot:2)
  2 sphinxes
  2 thorn hunters (Abyss:3)
  3 storm dragons
  4 azure jellies
  3 rockslimes
  3 shadow dragons
  2 draconian monks
  3 nagarajas (WizLab)
  4 deep elf sorcerers
  Ilsuiw (Shoals:3)
  A fire giant (Depths:2)
  An iron dragon (Vaults:5)
  8 vault wardens
  3 curse skulls (Crypt:3)
  2 ironbound preservers
  An orc warlord (Vaults:3)
  A draconian shifter (Zot:2)
  2 deep elf elementalists (Elf:3)
  4 quicksilver oozes
  A draconian annihilator (Zot:4)
  2 demonspawn corrupters (WizLab)
  3 ghouls
  A quicksilver ooze (shapeshifter) (Depths:2)
  A reaper (IceCv)
  2 deep elf demonologists (Elf:3)
  An ironbound thunderhulk (Vaults:4)
  7 stone giants
  2 very ugly things (Depths:1)
  A vampire knight (Depths:3)
  3 purple draconians
  4 deep elf annihilators
  A red draconian (Zot:1)
  2 deep elf death magi
  A quicksilver dragon zombie (Crypt:3)
  5 ettins
  2 merfolk impalers (Shoals:4)
  A green death (Depths:3)
  4 yaktaur captains
  A great orb of eyes (WizLab)
  2 fire dragons
  2 hydras
  2 crystal guardians (Vaults:4)
  2 jiangshi (Depths:4)
  A blizzard demon (Hell)
  3 deep elf high priests
  4 ice dragons
  5 vault guards
  3 ironbound frosthearts
  2 spriggan air magi
  A merfolk aquamancer (WizLab)
  A juggernaut simulacrum (Hell)
  3 anacondas (Snake:4)
  A merfolk avatar (Shoals:3)
  2 satyrs
  A boulder beetle (D:11)
  3 centaur warriors
  A hell beast (Depths:2)
  2 two-headed ogres (Vaults:5)
  6 dancing weapons
  2 tengu warriors (D:14)
  A hell hog (Abyss:3)
  2 naga warriors
  5 vampire magi
  A naga sharpshooter (Snake:1)
  3 death yaks (Lair:3)
  A deep troll earth mage (Depths:2)
  3 shock serpents
  2 spriggan berserkers
  A sun demon (Depths:3)
  3 deep elf knights
  2 soul eaters
  3 skysharks
  3 hell knights (Hell)
  3 skeletal warriors
  2 iron trolls (Hell)
  2 sea snakes
  A spatial maelstrom (Abyss:3)
  A naga ritualist (Snake:3)
  A flayed ghost (Depths:1)
  9 deep trolls
  A glowing orange brain (Slime:5)
  6 lindwurms
  3 deep elf archers
  6 wizards
  A bog body (IceCv)
  3 harpies
  An orc knight (D:15)
  11 deep elf pyromancers
  2 phantasmal warriors (Vaults:5)
  10 deep elf zephyrmancers
  2 mana vipers (Snake:4)
  12 ironbound convokers
  5 fauns
  A faun (shapeshifter) (Vaults:5)
  A wolf spider (shapeshifter) (Vaults:5)
  4 ugly things
  An orc sorcerer (Orc:2)
  A cyclops (D:15)
  3 worldbinders
  4 manticores
  A naga mage (Snake:1)
  7 moths of wrath
  3 elephants (Lair:5)
  A stone giant skeleton (Crypt:1)
  Joseph (Lair:1)
  2 guardian serpents (Snake:4)
  A merfolk siren (Shoals:2)
  A water nymph (Shoals:2)
  9 black mambas
  2 eyes of devastation
  11 vault sentinels
  12 cane toads
  A torpor snail (shapeshifter) (Depths:1)
  A smoke demon (Depths:3)
  A centaur skeleton (Crypt:1)
  A red draconian zombie (Crypt:3)
  12 yaktaurs
  3 komodo dragons
  3 ice devils
  A red devil (Depths:3)
  2 trolls
  A hellwing (Depths:3)
  A polar bear (shapeshifter) (Elf:1)
  6 merfolk
  A tyrant leech (Lair:5)
  8 blink frogs
  Grinder (D:6)
  An elf zombie (Vaults:1)
  A snapping turtle (Shoals:3)
  A raiju (Abyss:3)
  20 slime creatures
  3 water elementals
  An ettin skeleton (Crypt:1)
  An air elemental (Elf:2)
  5 flying skulls
  2 large abominations (Abyss:3)
  3 wyverns
  A wraith (Crypt:2)
  A ynoxinul (Depths:3)
  A basilisk (D:15)
  3 golden eyes (Slime:2)
  38 yaks
  A fire elemental (Elf:3)
  2 neqoxecs (Abyss:3)
  A redback (shapeshifter) (Vaults:5)
  A chaos spawn (Depths:2)
  2 vampire mosquitoes
  A human simulacrum (Vaults:1)
  3 harpy simulacra
  8 nagas
  2 hydra simulacra
  5 water moccasins
  28 nameless horrors
  A naga skeleton (Crypt:1)
  A floating eye (Slime:2)
  2 orc warriors
  A black bear (D:5)
  An ice beast (D:8)
  A sky beast (D:6)
  4 ogres
  3 wolves (Lair:5)
  5 boggarts (Vaults:3)
  4 centaurs
  A phantom (D:4)
  8 bullfrogs
  3 gnoll sergeants
  An earth elemental (Elf:3)
  8 wights
  6 electric eels
  4 howler monkeys
  2 lava snakes (Lair:3)
  3 jellies
  3 hounds
  2 gnoll boudas
  5 orc priests
  3 iguanas
  9 orc wizards
  2 mummies (Crypt:3)
  Robin (D:2)
  23 gnolls
  4 adders
  2 ufetubi (D:6)
  3 worms
  A dart slug (D:5)
  36 orcs
  5 ball pythons
  A bat skeleton (Crypt:1)
  10 endoplasms
  7 giant cockroaches
  20 goblins
  11 hobgoblins
  8 kobolds
  4 quokkas
  7 bats
  3 frilled lizards
  7 rats
766 creatures vanquished.

Vanquished Creatures (collateral kills)
  3 ancient liches
  Mennas (Depths:4)
  Mara (Vaults:2)
  A juggernaut (Depths:4)
  Sojobo (Depths:3)
  Bai Suzhen (Shoals:4)
  Boris (Depths:3)
  2 Killer Klowns
  7 golden dragons
  the Enchantress (Depths:3)
  A bone dragon (Depths:3)
  Nikola (Shoals:1)
  2 doom hounds (Depths:3)
  A Tzitzimitl (Depths:3)
  8 tentacled monstrosities
  The ghost of Kamelo the Metallomancer, an adept GrEE of Sif Muna (Elf:1)
  4 liches
  3 titans (Vaults:5)
  Grunn (Depths:3)
  20 acid blobs
  The ghost of cheesebisquit the Apostle, an adept HOMo of Beogh (Snake:4)
  3 deep elf blademasters
  3 death cobs
  Kirke (Shoals:1)
  5 quicksilver dragons
  2 sphinxes
  6 tengu reavers
  7 ancient champions
  8 storm dragons
  A shadow dragon (Zot:2)
  A nagaraja (WizLab)
  4 draconian monks
  A revenant (Crypt:2)
  3 fire giants
  16 rockslimes
  6 azure jellies
  4 draconian knights
  An iron dragon (Vaults:5)
  11 frost giants
  2 ghost moths
  A balrug (Depths:4)
  2 draconian scorchers
  14 vault wardens
  A caustic shrike zombie (Depths:2)
  5 deep elf sorcerers
  The ghost of Diggabert the Impaler, a journeyman HuGl of Okawaru (Orc:1)
  4 spectral caustic shrikes (Depths:1)
  6 deep elf elementalists (Elf:3)
  2 orc warlords
  2 demonspawn corrupters (WizLab)
  2 draconian shifters
  4 spriggan defenders
  18 very ugly things
  16 ironbound preservers
  A draconian annihilator (Zot:2)
  5 draconian stormcallers
  2 war gargoyles (Vaults:4)
  A cacodemon (Hell)
  A juggernaut skeleton (Crypt:1)
  11 quicksilver oozes
  11 stone giants
  10 reapers
  3 ghouls (Crypt:2)
  3 vampire knights
  4 black draconians
  5 green draconians
  5 ironbound thunderhulks
  2 deep elf demonologists
  6 deep elf annihilators
  6 purple draconians
  2 white draconians
  7 red draconians
  13 dire elephants
  A lorocyproca (Hell)
  7 yellow draconians
  2 spark wasps (Depths:4)
  An acid blob zombie (Crypt:2)
  2 eidola
  A crystal guardian (Vaults:4)
  9 ettins
  A green death (Hell)
  7 deep elf death magi
  4 fire dragons
  5 yaktaur captains
  10 merfolk impalers
  9 merfolk javelineers
  6 deep elf high priests
  3 entropy weavers
  3 rakshasas
  A quicksilver dragon skeleton (Crypt:3)
  12 great orbs of eyes
  3 ice dragons
  Fannar (D:10)
  6 jiangshi
  2 caustic shrike simulacra
  23 vault guards
  2 peacekeepers (Vaults:4)
  3 spriggan air magi
  5 salamander tyrants
  2 ironbound frosthearts
  22 centaur warriors
  An ogre mage (Vaults:5)
  An elf skeleton (Crypt:1)
  14 anacondas
  4 spriggan skeletons
  A death yak (Lair:3)
  3 death knights
  7 hydras
  3 alligator snapping turtles
  5 merfolk avatars
  2 fenstrider witch skeletons (Crypt:1)
  3 boulder beetles
  2 two-headed ogres
  8 merfolk aquamancers
  2 satyrs
  A tengu warrior (D:11)
  9 hell hogs
  4 vampire magi
  An orc high priest (Orc:2)
  3 deep troll shamans
  23 dancing weapons
  15 naga warriors
  Urug (Lair:5)
  6 deep troll earth magi
  11 naga sharpshooters
  7 shock serpents
  4 soul eaters
  6 sun demons
  8 deep elf knights
  Sonja (D:13)
  A skyshark (Shoals:2)
  2 titan skeletons (Crypt:1)
  9 hell knights
  Amaemon (Lair:1)
  28 skeletal warriors
  12 sea snakes
  35 deep trolls
  A skyshark (shapeshifter) (Elf:1)
  3 iron trolls
  4 salamander mystics (Snake:4)
  2 glowing orange brains
  7 nameless horrors
  An anaconda zombie (Crypt:3)
  3 flayed ghosts
  9 naga ritualists
  4 bog bodies
  7 deep elf archers
  2 obsidian statues (IceCv)
  3 spriggan simulacra
  An anaconda skeleton (Crypt:1)
  2 ironbound convokers (Vaults:2)
  6 lindwurms
  13 phantasmal warriors
  2 shadow dragon zombies
  6 wizards
  15 harpies
  A shadow dragon skeleton (Crypt:1)
  A golden dragon skeleton (Depths:2)
  14 orc knights
  13 deep elf zephyrmancers
  13 mana vipers
  9 necromancers
  19 deep elf pyromancers
  3 large abominations (Abyss:3)
  18 manticores
  20 salamanders
  A tengu skeleton (D:15)
  6 cyclopes
  4 shining eyes
  2 orc sorcerers (Orc:2)
  An iron dragon skeleton (Crypt:1)
  A fire giant zombie (Vaults:1)
  11 fauns
  11 moths of wrath
  2 elephants (Lair:5)
  9 vault sentinels
  A manticore (shapeshifter) (Elf:1)
  36 ugly things
  4 worldbinders
  7 guardian serpents
  17 naga magi
  A titan simulacrum (Crypt:1)
  33 black mambas
  Maggie (Lair:1)
  14 cane toads
  A stone giant skeleton (Crypt:1)
  3 smoke demons
  5 water nymphs
  A torpor snail (shapeshifter) (Elf:1)
  5 orange demons
  3 merfolk sirens
  A storm dragon simulacrum (Hell)
  3 centaur skeletons (Crypt:1)
  2 unseen horrors (D:11)
  A dire elephant skeleton (Crypt:3)
  A komodo dragon (shapeshifter) (D:15)
  26 yaktaurs
  2 tormentors (Depths:3)
  3 rime drakes (Lair:5)
  3 tengu conjurers
  A white draconian zombie (Crypt:2)
  7 komodo dragons
  3 human skeletons (Vaults:1)
  4 golden dragon simulacra (IceCv)
  A yaktaur (shapeshifter) (Elf:1)
  5 freezing wraiths
  An anaconda simulacrum (Shoals:1)
  A bunyip simulacrum (Hell)
  2 ice devils (IceCv)
  A hydra zombie (Crypt:3)
  2 ancient zymes (Abyss:3)
  A guardian mummy (Crypt:3)
  3 meliai (D:14)
  A tyrant leech (Lair:5)
  6 wind drakes
  A hellwing (Depths:3)
  9 trolls
  29 merfolk
  2 polar bears
  13 blink frogs
  2 harpy skeletons
  A human simulacrum (Vaults:1)
  6 snapping turtles
  A spriggan zombie (D:15)
  A tarantella zombie (Crypt:2)
  A raiju (shapeshifter) (D:13)
  A fire dragon zombie (Crypt:1)
  70 slime creatures
  A great orb of eyes zombie (Crypt:2)
  An air elemental (Elf:3)
  18 flying skulls
  17 water elementals
  A fire dragon skeleton (Crypt:1)
  2 spriggans (Depths:3)
  An ice dragon skeleton (Crypt:1)
  A shadow (D:12)
  2 ettin skeletons
  2 centaur simulacra
  A hog (shapeshifter) (Elf:1)
  9 wraiths
  A hog (Shoals:1)
  6 starcursed masses (Abyss:3)
  27 yaks
  An elf zombie (Vaults:1)
  A wyvern (D:7)
  3 golden eyes (Slime:1)
  A fire elemental (Elf:3)
  3 basilisks
  15 vampire mosquitoes
  A redback (shapeshifter) (Elf:1)
  A minotaur simulacrum (Shoals:1)
  26 nagas
  A steam dragon (D:9)
  2 redbacks (Vaults:2)
  2 spatial vortices (Abyss:3)
  4 wargs
  A glowing shapeshifter zombie (Depths:2)
  2 harpy simulacra
  2 acid dragons
  A hydra simulacrum (IceCv)
  4 water moccasins
  2 glowing shapeshifter skeletons
  A faun skeleton (Crypt:3)
  2 naga skeletons (Crypt:1)
  24 orc warriors
  A black bear (shapeshifter) (Depths:2)
  2 alligator simulacra
  A sky beast (D:7)
  A small abomination (Abyss:3)
  9 ogres
  A boggart (Vaults:4)
  16 centaurs
  An ice beast (D:6)
  An elephant skeleton (Crypt:1)
  9 wolves
  4 ettin simulacra (IceCv)
  A kobold brigand (D:10)
  3 gnoll sergeants (D:10)
  6 bullfrogs
  6 necrophages (Crypt:2)
  2 earth elementals (Elf:2)
  2 deep troll simulacra
  3 wights
  A lindwurm simulacrum (IceCv)
  3 electric eels
  2 polar bear skeletons
  2 raiju skeletons (Crypt:1)
  A lava snake (Lair:3)
  2 jellies
  4 hounds (D:10)
  15 orc priests
  2 gnoll boudas (D:10)
  An iguana (D:7)
  A black bear skeleton (Crypt:1)
  A basilisk skeleton (Crypt:3)
  17 orc wizards
  A boggart skeleton (Crypt:3)
  A deep dwarf skeleton (Crypt:3)
  10 mummies (Crypt:3)
  19 gnolls
  A white imp (D:6)
  An ufetubus (D:6)
  A jelly zombie (Crypt:2)
  30 orcs
  A bat skeleton (Crypt:3)
  2 goblins (D:11)
  2 jackals (D:10)
  7 kobolds (D:10)
  An orc skeleton (Crypt:2)
  A quokka skeleton (Crypt:2)
1709 creatures vanquished.

Vanquished Creatures (others)
  2 draconian knights
  A draconian scorcher (Zot:3)
  Louise (Depths:1)
  A red draconian (Zot:1)
  An ettin (Vaults:5)
  A fire dragon (Depths:4)
  3 deep elf knights
  A flayed ghost (Vaults:5)
  A wizard (Vaults:2)
  A guardian serpent (Abyss:3)
  A black mamba (Snake:1)
  A slime creature (D:14)
  A water elemental (Shoals:1)
  An ettin simulacrum (Hell)
  4 spectral weapons
21 creatures vanquished.

Grand Total: 2496 creatures vanquished

Notes
Turn   | Place    | Note
-------+----------+-------------------------------------------
     0 | D:1      | wingedge the Human Ice Elementalist began the quest for the
                  | Orb.
     0 | D:1      | Reached XP level 1. HP: 13/13 MP: 3/3
   206 | D:1      | Reached XP level 2. HP: 13/19 MP: 1/5
   786 | D:1      | Reached XP level 3. HP: 24/24 MP: 3/6
  1063 | D:1      | Learned a level 3 spell: Frozen Ramparts
  1151 | D:1      | Reached skill level 5 in Ice Magic
  1394 | D:2      | Reached XP level 4. HP: 29/31 MP: 3/7
  1508 | D:2      | Reached skill level 1 in Fighting
  1602 | D:2      | Learned a level 3 spell: Ozocubu's Armour
  1979 | D:2      | Noticed Robin
  2198 | D:2      | Killed Robin
  2408 | D:3      | Reached XP level 5. HP: 37/37 MP: 8/8
  3012 | D:4      | Reached XP level 6. HP: 33/44 MP: 1/10
  3145 | D:4      | Reached skill level 1 in Summonings
  3639 | D:4      | Found a staircase to the Ecumenical Temple.
  3647 | Temple   | Entered the Ecumenical Temple
  3712 | Temple   | Became a worshipper of Sif Muna the Loreminder
  3847 | D:4      | Found Zusinuc's Armour Boutique.
  3860 | D:4      | Reached XP level 7. HP: 42/51 MP: 5/11
  3860 | D:4      | Bought the +0 robe of the Harp {Contam Int+2 Dex+2 SInv}
                  | for 176 gold pieces
  3961 | D:4      | Learned a level 4 spell: Summon Ice Beast
  4045 | D:5      | Entered Level 5 of the Dungeon
  4147 | D:5      | Reached skill level 2 in Summonings
  4613 | D:5      | Reached XP level 8. HP: 58/58 MP: 1/13
  5184 | D:5      | Reached * piety under Sif Muna
  5616 | D:5      | Identified the +1 leather armour "Goaseb" {Int+2 Dex+3}
  5740 | D:6      | Noticed Grinder
  5770 | D:6      | Paralysed by Grinder for 3 turns
  5790 | D:6      | Paralysed by Grinder for 5 turns
  5802 | D:6      | Killed Grinder
  5803 | D:6      | Reached skill level 3 in Summonings
  5803 | D:6      | Reached skill level 1 in Invocations
  6144 | D:6      | Reached XP level 9. HP: 63/65 MP: 7/15
  6599 | D:6      | Reached skill level 4 in Summonings
  6762 | D:6      | Found a radiant altar of Vehumet.
  6762 | D:6      | Found a blossoming altar of Fedhas.
  6763 | D:6      | Found a snail-covered altar of Cheibriados.
  6765 | D:6      | Found an ancient bone altar of Kikubaaqudgha.
  7080 | D:7      | Reached skill level 5 in Spellcasting
  7083 | D:7      | Reached skill level 5 in Fighting
  7083 | D:7      | Reached skill level 5 in Summonings
  7257 | D:7      | Reached XP level 10. HP: 74/74 MP: 11/18
  7600 | D:7      | Reached ** piety under Sif Muna
  7609 | D:7      | Reached skill level 6 in Summonings
  7609 | D:7      | Reached skill level 5 in Invocations
  7884 | D:7      | Reached skill level 7 in Summonings
  8590 | D:8      | Reached skill level 1 in Long Blades
  8590 | D:8      | Reached skill level 1 in Shields
  9604 | D:9      | Reached XP level 11. HP: 78/83 MP: 17/20
  9651 | D:9      | Found a staircase to the Lair.
  9704 | D:9      | Identified the ring "Runlegil" {*Corrode rElec rF+ AC+4
                  | Str+5}
  9893 | D:9      | Reached skill level 5 in Dodging
  9963 | D:9      | Reached *** piety under Sif Muna
 10705 | Lair:1   | Entered Level 1 of the Lair of Beasts
 10903 | Lair:1   | Noticed Amaemon
 10914 | Lair:1   | Killed Amaemon
 11032 | Lair:1   | Reached skill level 1 in Hexes
 11463 | Lair:1   | Noticed Joseph
 11479 | Lair:1   | Killed Joseph
 11640 | Lair:1   | Reached XP level 12. HP: 91/91 MP: 19/22
 11735 | Lair:1   | Noticed a fire dragon
 11818 | Lair:1   | Killed a fire dragon
 12112 | Lair:1   | Noticed Maggie
 12128 | Lair:1   | Killed Maggie
 12129 | Lair:1   | Reached skill level 8 in Summonings
 12592 | Lair:2   | Identified a scroll of acquirement
 12613 | Lair:2   | Acquired the staff of poison "Soasargh" {rPois rF+++ rCorr
                  | Str+3 Int-2}
 12622 | Lair:2   | Learned a level 5 spell: Summon Mana Viper
 13180 | Lair:2   | Reached skill level 5 in Shields
 13466 | Lair:3   | Reached **** piety under Sif Muna
 13524 | Lair:3   | Reached skill level 9 in Summonings
 13585 | Lair:3   | Found a staircase to the Shoals.
 13595 | Lair:3   | Noticed a death yak
 13595 | Lair:3   | Noticed a death yak
 13610 | Lair:3   | Noticed a death yak
 13612 | Lair:3   | Noticed a death yak
 13614 | Lair:3   | Killed a death yak
 13615 | Lair:3   | Reached skill level 5 in Hexes
 13615 | Lair:3   | Reached XP level 13. HP: 79/96 MP: 22/25
 13641 | Lair:3   | Reached skill level 10 in Summonings
 13721 | Lair:3   | Found a staircase to the Snake Pit.
 13876 | Lair:3   | Found a dark tunnel.
 13880 | Volcano  | Entered a volcano
 13896 | Volcano  | Noticed a red draconian
 13905 | Volcano  | Killed a red draconian
 14078 | Volcano  | Noticed a centaur warrior
 14102 | Volcano  | Killed a centaur warrior
 14529 | Lair:3   | Noticed an eight-headed hydra
 14536 | Lair:3   | Killed an eight-headed hydra
 15843 | Lair:4   | Noticed a four-headed hydra
 15852 | Lair:4   | Killed a four-headed hydra
 16153 | Lair:4   | Reached ***** piety under Sif Muna
 16154 | Lair:4   | Reached XP level 14. HP: 104/104 MP: 20/26
 16812 | Lair:5   | Entered Level 5 of the Lair of Beasts
 16819 | Lair:5   | Reached skill level 11 in Summonings
 17073 | Lair:5   | Received a gift from Sif Muna
 17074 | Lair:5   | Got Sif Muna's Disquisition on the Gathering {god gift}
 17162 | Lair:5   | Learned a level 6 spell: Summon Cactus Giant
 17577 | Lair:5   | Noticed Urug
 17613 | Lair:5   | Found a staircase to the Slime Pits.
 17737 | Lair:5   | Reached skill level 12 in Summonings
 18044 | Lair:5   | Killed Urug
 18437 | Lair:5   | Identified the +4 spear "Counk" {spect, Fragile rElec
                  | Int+7}
 18473 | Lair:5   | Acquired 1205 gold pieces
 18620 | Lair:5   | Reached skill level 1 in Transmutations
 18819 | D:9      | Learned a level 5 spell: Yara's Violent Unravelling
 18820 | D:10     | Entered Level 10 of the Dungeon
 18888 | D:10     | Noticed Fannar
 18911 | D:10     | Killed Fannar
 19003 | D:10     | Found Lueseiz's Weapon Shop.
 19052 | D:10     | Received a gift from Sif Muna
 19053 | D:10     | Reached XP level 15. HP: 112/112 MP: 22/28
 19217 | D:10     | Identified the +2 pair of boots "Dokh" {Str+3 Dex+3 Stlth+}
 19256 | D:10     | Learned a level 7 spell: Monstrous Menagerie
 19584 | D:11     | Reached skill level 1 in Armour
 20519 | D:11     | Found a staircase to the Orcish Mines.
 20890 | D:11     | Received a gift from Sif Muna
 20891 | D:11     | Got Omalos's Precepts of Wounds {god gift}
 21187 | Orc:1    | Entered Level 1 of the Orcish Mines
 21368 | Orc:1    | Found Ukhlyze Fisid's Self-Improvement Boutique.
 21378 | Orc:1    | Bought a manual of Conjurations for 1200 gold pieces
 21450 | Orc:1    | Found Galez's Book Shoppe.
 21543 | Orc:1    | Found a transporter.
 21548 | Orc:1    | Found a transporter.
 21554 | Orc:1    | Found a bloodstained altar of Trog.
 21569 | Orc:1    | Noticed Diggabert's ghost (journeyman HuGl)
 21586 | Orc:1    | You fall into a shaft and drop 1 floor!
 21586 | Orc:2    | Entered Level 2 of the Orcish Mines
 21895 | Orc:2    | Reached skill level 1 in Conjurations
 21936 | Orc:2    | Found Rarionn's Weapon Shoppe.
 21941 | Orc:2    | Found Goluppu's Antique Weapon Shoppe.
 22101 | Orc:2    | Found Kivup's Weapon Shoppe.
 22115 | Orc:2    | Found Vydao's Jewellery Shoppe.
 22276 | Orc:2    | Noticed an orc warlord
 22286 | Orc:2    | Killed an orc warlord
 22562 | Orc:2    | Found Ufaseufa's Book Emporium.
 22767 | Orc:2    | Found a staircase to the Elven Halls.
 22771 | Orc:2    | Received a gift from Sif Muna
 22867 | Orc:2    | Found Irphehouga's Antique Armour Shoppe.
 22874 | Orc:2    | Bought the +0 mask of the Dragon {Will+ Slay+3 SInv} for
                  | 901 gold pieces
 22874 | Orc:2    | Found the +0 mask of the Dragon {Will+ Slay+3 SInv}
 22896 | Orc:2    | Found Vutiler's General Store.
 22904 | Orc:2    | Bought a scroll of noise for 14 gold pieces
 22904 | Orc:2    | Bought a potion of haste for 140 gold pieces
 22924 | Orc:2    | Found Wezaz's Jewellery Shoppe.
 22953 | Orc:2    | Found Hiepehih's Antique Weapon Shoppe.
 24016 | D:13     | Reached skill level 13 in Summonings
 24173 | D:13     | Found Ugeulua's Serpentskin Sales.
 24578 | D:13     | Reached XP level 16. HP: 117/120 MP: 14/29
 24701 | D:13     | Noticed Sonja
 24709 | D:13     | Killed Sonja
 25353 | D:14     | Found a gate to the Vaults.
 25665 | D:14     | Received a gift from Sif Muna
 25666 | D:14     | Got Sif Muna's Elucidation of the Cold Gathering {god gift}
 25957 | D:14     | Reached skill level 5 in Transmutations
 26062 | D:14     | Reached skill level 10 in Shields
 26095 | D:14     | Found a basalt altar of Yredelemnul.
 26135 | D:14     | Reached skill level 5 in Conjurations
 26153 | D:14     | Reached skill level 10 in Spellcasting
 26593 | D:15     | Entered Level 15 of the Dungeon
 26594 | D:15     | Found a hide-covered altar of Uskayaw.
 26621 | D:15     | Reached skill level 10 in Fighting
 26772 | D:15     | HP: 6/122 [skeletal warrior/+0 war axe of freezing (7)]
 27398 | D:15     | Received a gift from Sif Muna
 27514 | D:15     | Found a staircase to the Depths.
 27606 | D:15     | Reached skill level 10 in Dodging
 27735 | D:15     | Found Miekilim's General Store.
 27738 | D:15     | Bought a scroll of identify for 24 gold pieces
 27738 | D:15     | Bought a potion of heal wounds for 60 gold pieces
 27738 | D:15     | Bought a potion of curing for 36 gold pieces
 28079 | Snake:1  | Entered Level 1 of the Snake Pit
 28225 | Snake:1  | Reached XP level 17. HP: 90/128 MP: 25/31
 28361 | Snake:1  | Reached skill level 5 in Long Blades
 28484 | Snake:1  | Learned a level 3 spell: Stone Arrow
 28715 | Snake:1  | Found Oraisar's Antique Armour Shop.
 28727 | Snake:1  | Found Tycuig's Antique Armour Shop.
 28738 | Snake:1  | Reached skill level 1 in Earth Magic
 28766 | Snake:1  | Bought a pair of embroidered gloves for 292 gold pieces
 28789 | Snake:1  | Reached skill level 14 in Summonings
 29353 | Snake:1  | Identified the +4 dagger "Kiaxkalo" {venom, Contam *Rage
                  | rN+++ rCorr}
 30607 | Snake:2  | Received a gift from Sif Muna
 30608 | Snake:2  | Got Sif Muna's Incunabulum of Ghastly Battle Magic {god
                  | gift}
 32479 | Snake:3  | Acquired the ring "Oppur" {Wiz +Blink Fly rPois Str+3}
 32532 | Snake:3  | Learned a level 6 spell: Iron Shot
 32580 | Snake:3  | Identified the +3 leather armour of the Pits of Slime
                  | {Int+4 Slay+3}
 32726 | Snake:4  | Entered Level 4 of the Snake Pit
 33174 | Snake:4  | Reached XP level 18. HP: 103/134 MP: 7/33
 33194 | Snake:4  | Reached skill level 10 in Conjurations
 34830 | Snake:4  | Found a runed translucent door.
 34832 | Snake:4  | Found a shimmering altar of Xom.
 34832 | Snake:4  | Noticed cheesebisquit's ghost (adept HOMo)
 34877 | Snake:4  | Killed cheesebisquit's ghost
 35526 | Snake:4  | Reached skill level 15 in Summonings
 35696 | Snake:4  | Reached skill level 5 in Earth Magic
 35859 | Snake:4  | Learned a level 7 spell: Spellforged Servitor
 35904 | Snake:4  | Received a gift from Sif Muna
 36111 | Snake:4  | Reached XP level 19. HP: 58/140 MP: 21/35
 36310 | Snake:4  | Learned a level 7 spell: Summon Hydra
 36336 | Snake:4  | Got a serpentine rune of Zot
 36586 | Shoals:1 | Entered Level 1 of the Shoals
 36586 | Shoals:1 | Found Uckere's Jewellery Boutique.
 36607 | Shoals:1 | Found a frozen archway.
 36739 | IceCv    | Entered an ice cave
 37747 | IceCv    | Identified the +0 hat of Exclusion {Harm rElec Dex+4
                  | Stlth+}
 38015 | Shoals:1 | Acquired a +2 heavy double sword
 38265 | Shoals:1 | Noticed Nikola
 38277 | Shoals:1 | Killed Nikola
 38564 | Shoals:1 | Received a gift from Sif Muna
 38565 | Shoals:1 | Got Sif Muna's Omnibus of the Creative Tesseract {god gift}
 38745 | Shoals:1 | Noticed Kirke
 38757 | Shoals:1 | Killed Kirke
 39515 | Shoals:2 | Found Xiet's Magic Scroll Boutique.
 40383 | Shoals:2 | Reached skill level 16 in Summonings
 41813 | Shoals:3 | Received a gift from Sif Muna
 42188 | Shoals:3 | Reached XP level 20. HP: 121/149 MP: 12/36
 42304 | Shoals:3 | Found Icvac's Vocational Training.
 42577 | Shoals:3 | Noticed Ilsuiw
 42744 | Shoals:3 | Killed Ilsuiw
 43066 | Shoals:4 | Entered Level 4 of the Shoals
 43384 | Shoals:4 | Found Gidit's Jewellery Shop.
 43647 | Shoals:4 | Identified the +4 short sword "Hyawoh" {venom, rElec}
 43693 | Shoals:4 | Noticed Bai Suzhen
 43700 | Shoals:4 | Killed Bai Suzhen
 43810 | Shoals:4 | Received a gift from Sif Muna
 43811 | Shoals:4 | Got Sif Muna's Discourse on Changes and the Salvo {god
                  | gift}
 43841 | Shoals:4 | Got a barnacled rune of Zot
 44259 | Shoals:4 | Found Gufryano's Assorted Antiques.
 44513 | Shoals:4 | Found Nugritui's Distillery.
 44516 | Shoals:4 | Found Facaed's Assorted Antiques.
 44521 | Shoals:4 | Bought a potion of heal wounds for 90 gold pieces
 44525 | Shoals:4 | Bought a steaming spear for 192 gold pieces
 44525 | Shoals:4 | Identified the +0 spear of the Endless Seas {heavy, Int+4}
                  | (You bought it in a shop on level 4 of the Shoals)
 44584 | Shoals:4 | Got the Compilation of Combative Topomancy
 44976 | Elf:1    | Entered Level 1 of the Elven Halls
 45214 | Elf:1    | Found a shimmering altar of Xom.
 45236 | Elf:1    | Identified the +5 falchion "Sastrue" {flame, *Noise Str+5
                  | SInv}
 45271 | Elf:1    | Found a transporter.
 45280 | Elf:1    | Noticed Kamelo's ghost (adept GrEE)
 45368 | Elf:1    | Identified the +3 leather armour of Cowardice {Contam Harm
                  | rC+ Int+3}
 45632 | Elf:1    | Found a transporter.
 45731 | Elf:1    | Found Cetzaoru's Antique Armour Shoppe.
 46486 | Elf:1    | Received a gift from Sif Muna
 46486 | Elf:1    | Killed Kamelo's ghost
 46487 | Elf:1    | Reached skill level 17 in Summonings
 46487 | Elf:1    | Got Foxuazio's Catalogue of the Quantum Plateau {god gift}
 46594 | Elf:1    | Identified the +2 helmet of Polish {Will+ Str+6}
 46934 | Elf:2    | Reached XP level 21. HP: 157/157 MP: 32/38
 47190 | Elf:2    | Learned a level 6 spell: Statue Form
 47303 | Elf:2    | Found a runed translucent gate.
 47303 | Elf:2    | Found a runed translucent gate.
 47303 | Elf:2    | Found a runed translucent gate.
 48396 | Elf:3    | Entered Level 3 of the Elven Halls
 48832 | Elf:3    | Noticed a Tzitzimitl
 49154 | Elf:3    | Reached skill level 5 in Armour
 49205 | Elf:3    | Reached skill level 10 in Invocations
 49332 | Elf:3    | Received a gift from Sif Muna
 49423 | Elf:3    | Got Lighor's Grimoire of the Wyrd {god gift}
 49485 | Elf:3    | Found the +3 Mad Mage's Maulers {Infuse+∞ VampMP -Cast}
 49497 | Elf:3    | Reached XP level 22. HP: 138/165 MP: 8/39
 49556 | Elf:3    | Identified the ring "Xahits" {MP+9 SInv}
 49580 | Elf:3    | Identified the staff of death "Essuy" {rN+ Stlth+}
 49581 | Elf:3    | Identified the +7 sling of Anephos {flame, Fragile rN++
                  | Int+3}
 49713 | Elf:3    | Identified the +8 shortbow "Mauc" {flame, Will++ Stlth+}
 49723 | Elf:3    | Identified the staff of conjuration "Hull" {Drain Fly
                  | Dex+4}
 49728 | Elf:3    | Identified the staff of earth "Enoodih" {rPois MP+9 Dex+3}
 49736 | Elf:3    | Identified the ring of Oracs {rPois rC+ Int+6 Slay-4
                  | Stlth+}
 50119 | Orc:1    | Killed Diggabert's ghost
 50453 | Vaults:1 | Entered Level 1 of the Vaults
 50693 | Vaults:1 | Found Niokuome's Distillery.
 52510 | Vaults:2 | Noticed Mara
 52517 | Vaults:2 | Noticed wingedge's illusion
 52686 | Vaults:2 | Killed Mara
 52741 | Vaults:2 | Reached skill level 10 in Transmutations
 52996 | Vaults:2 | Reached skill level 15 in Conjurations
 53212 | Vaults:2 | Received a gift from Sif Muna
 53213 | Vaults:2 | Got Sif Muna's Codex of the Compass and Execration {god
                  | gift}
 53481 | Vaults:2 | Reached skill level 18 in Summonings
 53787 | Vaults:2 | Reached XP level 23. HP: 150/173 MP: 17/40
 53991 | Vaults:2 | Reached skill level 10 in Earth Magic
 54230 | Vaults:2 | You fall into a shaft and drop 2 floors!
 54231 | Vaults:4 | Found Qetobuqo's Assorted Antiques.
 55037 | Vaults:3 | Noticed an ancient lich
 55060 | Vaults:3 | Killed an ancient lich
 55534 | Vaults:3 | Found Zomesyeg's Antique Weapon Boutique.
 55539 | Vaults:3 | Bought a crystal rapier for 324 gold pieces
 55539 | Vaults:3 | Identified the +4 rapier "Bucaub" {vamp, Dex+2} (You bought
                  | it in a shop on level 3 of the Vaults)
 55613 | Vaults:3 | Found a staircase to the Crypt.
 55613 | Vaults:3 | Found a basalt altar of Yredelemnul.
 55614 | Vaults:3 | Found an ancient bone altar of Kikubaaqudgha.
 55639 | Vaults:3 | Received a gift from Sif Muna
 56498 | Vaults:4 | Reached skill level 10 in Long Blades
 57336 | Vaults:4 | Identified the +3 arbalest of Severance {flame, rC+}
 57621 | Vaults:5 | Entered Level 5 of the Vaults
 57625 | Abyss:2  | Found a corrupted altar of Lugonu.
 57625 | Abyss:2  | Cast into level 2 of the Abyss (vault guard)
 57852 | Abyss:3  | Received a gift from Sif Muna
 57853 | Abyss:3  | Got Acol's Secrets of the Ill-starred Wendigo {god gift}
 57862 | Abyss:3  | Reached XP level 24. HP: 68/182 MP: 5/41
 57914 | Abyss:3  | Got an abyssal rune of Zot
 57979 | Vaults:5 | Escaped the Abyss
 57984 | Vaults:5 | Noticed an ancient lich
 57998 | Vaults:5 | HP: 9/182 [titan/the air (32)]
 58323 | Vaults:5 | Noticed an ancient lich
 58331 | Vaults:5 | Noticed a dread lich
 58342 | Vaults:5 | Killed an ancient lich
 58343 | Vaults:5 | Paralysed by a dread lich for 2 turns
 58347 | Vaults:5 | Killed a dread lich
 58613 | Vaults:5 | Learned a level 5 spell: Irradiate
 58613 | Vaults:5 | Identified the amulet of Deblidd {Reflect Regen+ Str+2 SH+5
                  | Stlth+}
 59468 | Vaults:5 | Identified the staff of fire "Pyonwuach" {rF+ Will- Str+3
                  | Stlth+}
 59613 | Vaults:5 | Reached skill level 19 in Summonings
 60196 | Vaults:5 | Reached skill level 15 in Spellcasting
 60504 | Vaults:5 | Got a silver rune of Zot
 61212 | Vaults:5 | Reached XP level 25. HP: 192/192 MP: 15/42
 61317 | Vaults:5 | Killed an ancient lich
 61687 | Vaults:5 | Learned a level 8 spell: Summon Horrible Things
 62608 | Slime:1  | Entered Level 1 of the Pits of Slime
 62615 | Slime:1  | Received a gift from Sif Muna
 62631 | Slime:1  | Got Sif Muna's Guide on the Syncline and Metamorphosis {god
                  | gift}
 62953 | Slime:1  | Gained mutation: You are weak. (Str -2) [a shining eye]
 63062 | Slime:1  | Learned a level 5 spell: Freezing Cloud
 63852 | Slime:2  | Found a shimmering altar of Xom.
 64901 | Slime:3  | Received a gift from Sif Muna
 64903 | Slime:3  | Got Sif Muna's Secrets of the Burn and Percussion {god
                  | gift}
 65537 | Slime:5  | Entered Level 5 of the Pits of Slime
 65668 | Slime:5  | Found a viscous altar of Jiyva.
 65669 | Slime:5  | Noticed the Royal Jelly
 65683 | Slime:5  | Reached skill level 15 in Fighting
 65906 | Slime:5  | Killed the Royal Jelly
 67274 | Slime:5  | Found the +6 Majin-Bo {spellvamp, MP+6 Int+6}
 67393 | Slime:5  | Identified the +1 scale mail "Hesanuw" {rElec}
 67420 | Slime:5  | Got a slimy rune of Zot
 67802 | Lair:5   | Learned a level 5 spell: Yara's Violent Unravelling
 68126 | Vaults:3 | Learned a level 7 spell: Haunt
 68130 | Vaults:3 | Acquired the +3 pair of gloves of the Sufficient Wumpus
                  | {rF+ Will+}
 68148 | Crypt:1  | Entered Level 1 of the Crypt
 68393 | Orc:1    | Bought a book of Alchemy for 392 gold pieces
 68612 | Crypt:1  | Learned a level 2 spell: Sublimation of Blood
 68934 | Crypt:1  | Reached skill level 1 in Necromancy
 69492 | Crypt:1  | Reached XP level 26. HP: 174/202 MP: 17/42
 69729 | Crypt:1  | Received a gift from Sif Muna
 70105 | Crypt:1  | Identified the staff of cold "Ciypt" {rF++ rC+ SInv}
 70551 | Crypt:2  | Received a gift from Sif Muna
 70552 | Crypt:2  | Got Sif Muna's Book of Infection and Breccia {god gift}
 71115 | Crypt:2  | Reached skill level 20 in Summonings
 71147 | Crypt:2  | Reached skill level 10 in Armour
 71573 | Crypt:2  | Identified the +10 rapier of the Kidney {heavy, *Noise
                  | Str+9 SInv Stlth-}
 71647 | Crypt:3  | Entered Level 3 of the Crypt
 71647 | Crypt:3  | Found a magical portal.
 71658 | WizLab   | Entered Alistair's Party Mansion
 71665 | WizLab   | Reached skill level 5 in Necromancy
 72354 | WizLab   | Acquired 1313 gold pieces
 72356 | WizLab   | Acquired 746 gold pieces
 73740 | Crypt:3  | Received a gift from Sif Muna
 73741 | Crypt:3  | Got Sif Muna's Textbook on Disgusting Changing {god gift}
 73808 | Crypt:3  | Identified the +8 great sword of Bodily Harmony {heavy,
                  | rElec rF- Dex-2 Stlth+}
 73809 | Crypt:3  | Noticed an ancient lich
 73973 | Crypt:3  | Killed an ancient lich
 74086 | Crypt:3  | Got Khufu's Compendium of Spectres
 74088 | Crypt:3  | Identified the amulet "Himet" {Reflect Fly SH+5 Stlth+}
 74137 | Crypt:3  | Found a staircase to the Tomb.
 74524 | Depths:1 | Entered Level 1 of the Depths
 74639 | Depths:1 | Found a bloodstained altar of Trog.
 74650 | Depths:1 | Reached XP level 27. HP: 177/210 MP: 23/43
 74779 | Depths:1 | Noticed Louise
 74816 | Depths:1 | Killed Louise
 74870 | Depths:1 | Found a one-way gate to the infinite horrors of the Abyss.
 74976 | Depths:1 | Reached skill level 5 in Stealth
 75696 | Depths:1 | Found a gateway to Hell.
 75772 | Depths:1 | Learned a level 9 spell: Dragon's Call
 76070 | Depths:2 | Found a one-way gateway to a ziggurat.
 76815 | Depths:2 | Identified the ring of Foat Nosh {Ice Str+4 Stlth+}
 77070 | Depths:2 | Identified the +0 plate armour of Xezu {Dex+4 Slay+3}
 77211 | Depths:2 | Identified the +2 spear of Doozy {flame, Str+4}
 77243 | Depths:2 | Identified the amulet "Lienogops" {Fragile Fly Regen+
                  | Slay+5 Stlth+}
 77770 | Depths:2 | Found a one-way gate leading to the halls of Pandemonium.
 77948 | Depths:3 | Found a sparkling altar of Nemelex Xobeh.
 78214 | Depths:3 | Noticed Boris
 78228 | Depths:3 | Killed Boris
 78242 | Depths:3 | Noticed the Enchantress
 78244 | Depths:3 | Noticed Grunn
 78259 | Depths:3 | Killed the Enchantress
 78260 | Depths:3 | Reached skill level 10 in Stealth
 78260 | Depths:3 | Reached skill level 21 in Summonings
 78264 | Depths:3 | Killed Grunn
 78266 | Depths:3 | Received a gift from Sif Muna
 78406 | Depths:3 | Noticed Sojobo
 78414 | Depths:3 | Reached skill level 15 in Shields
 78416 | Depths:3 | Killed Sojobo
 78810 | Depths:3 | Found a sacrificial altar of Ru.
 79288 | Depths:4 | Entered Level 4 of the Depths
 79288 | Depths:4 | Noticed Mennas
 79301 | Depths:4 | Killed Mennas
 79740 | Depths:4 | Identified the +8 chain mail "Kor Maa" {Will++ Dex+3}
 80037 | Depths:4 | Noticed a juggernaut
 80041 | Depths:4 | Killed a juggernaut
 80777 | Depths:4 | Found Apeuqiuph's Jewellery Shop.
 80778 | Depths:4 | Found Cehiaj's Book Emporium.
 80778 | Depths:4 | Found Qouwuypt's Book Emporium.
 80784 | Depths:4 | Bought a manual of Spellcasting for 1200 gold pieces
 80856 | Depths:4 | Found a gate to the Realm of Zot.
 80859 | Depths:4 | Acquired a +1 double sword of protection
 80991 | Zot:1    | Entered Level 1 of the Realm of Zot
 81018 | Zot:1    | Reached skill level 22 in Summonings
 81028 | Zot:1    | Received a gift from Sif Muna
 81308 | Zot:1    | You are sucked into a shaft and drop 1 floor!
 82597 | Zot:2    | Noticed a Killer Klown
 82610 | Zot:2    | Killed a Killer Klown
 83053 | Zot:2    | Identified the ring "Saickyesh" {rPois rCorr Str-3 Slay+5}
 83463 | Zot:3    | Noticed a Killer Klown
 83477 | Zot:3    | Killed a Killer Klown
 84268 | Zot:3    | Received a gift from Sif Muna
 85907 | Zot:4    | Reached skill level 15 in Stealth
 86303 | Zot:4    | Identified the +3 plate armour of the Engineer {Dex+3}
 86878 | Hell     | Entered the Vestibule of Hell
 86881 | Hell     | Noticed Geryon
 86898 | Hell     | Noticed Murray
 86902 | Depths:4 | Received a gift from Sif Muna
 86903 | Depths:4 | Got Doixtes's Textbook on Blazing Allies {god gift}
 87077 | Hell     | Killed Murray
 87096 | Hell     | Killed from afar by a crystal guardian

Illustrated notes

Levels and vault maps discovered:
D:1:      amcnicky_arrival_abandoned_market, layout_loops_ring,
          minmay_pentomino_p2
D:2:      layout_basic, uniq_robin
D:3:      layout_basic, minmay_fractal_squares_5
D:4:      layout_basic, temple_statues, serial_shops, shop
D:5:      layout_gridville
D:6:      layout_gridville, minitemple, minmay_misc_feat_diagonals, uniq_grinder
D:7:      layout_cave_pods, minivault_22
D:8:      layout_layer_cave
D:9:      layout_stronghold, dpeg_oklobed_lair, minmay_crystal_water,
          fountainhead
D:10:     layout_cave_pools, serial_gnoll_camp, gnoll_camp_mini_basic,
          gnoll_camp_mini_house, gnoll_camp_mini_shop, gnoll_camp_huts_basic,
          uniq_fannar
D:11:     layout_loops_ring, erik_orc_4, minmay_shattered_shrine
D:12:     layout_basic
D:13:     layout_cave_pods, nicolae_two_hexagons, guppyfry_shop_venom,
          uniq_sonja
D:14:     layout_roguey, skrybe_vaults_entry_preservation,
          yredelemnul_altar_generic
D:15:     gammafunk_depths_entry_grave, layout_basic, nicolae_uskayaw_en_pointe,
          serial_shops, nicolae_shop_real_fake_doors
Temple:   compressed_dpeg_circular_temple
Lair:1:   dragon1_lemuel, layout_chaotic_city, serial_bayou_lake_a, uniq_maggie,
          uniq_joseph, uniq_amaemon
Lair:2:   layout_cellular_growth, serial_bayou_lagoon_a
Lair:3:   layout_regular_city, elwin_shoals_entry_rocks,
          nicolae_snake_entry_warm_welcome, nicolae_volcano_entry_vermiform
Lair:4:   layout_layer_cave, grunt_megastairs_5, serial_bayou_shore_b,
          serial_bayou_shore_a
Lair:5:   minmay_lair_end_frog_pond, layout_cellular_growth,
          minmay_slime_entry_pillars, uniq_urug
Shoals:1: layout_shoals, portal_ice_cave_entry_ice_simulacra, serial_shops,
          shop, nicolae_shoals_nautilus_by_nature, nicolae_shoals_wave_tunnel,
          uniq_kirke, uniq_nikola
Shoals:2: nicolae_shoals_deep_elves_summer_vacation, layout_shoals,
          serial_shops, shop, nicolae_shoals_circle_sea_wall
Shoals:3: layout_shoals, nicolae_shop_vocational, uniq_ilsuiw
Shoals:4: shoals_end_simple, layout_shoals, serial_shops,
          nicolae_shop_overgrown_old_shop, shop_fountains,
          nicolae_shop_statue_plus, shop, nicolae_shoals_isolated_beach,
          uniq_bai_suzhen
Snake:1:  layout_cave_pods, drop_trap, nicolae_coiled_stairwell_down,
          minmay_shop_star, grunt_megastairs_2
Snake:2:  layout_chambers, drop_trap
Snake:3:  layout_layer_cave, nicolae_large_snake_swirl
Snake:4:  snake_pit_salamanders_mu, layout_misc_corridors, ebering_ghost_xom
Slime:1:  layout_caves
Slime:2:  layout_caves, basic_altar, nicolae_slime_round_cave
Slime:3:  layout_caves
Slime:4:  layout_caves
Slime:5
Orc:1:    layout_diamond_mine, serial_shops, nicolae_book_shop_shelving,
          gammafunk_ghost_wrathful_warriors, nicolae_shop_self_help
Orc:2:    grunt_orc_cross, layout_diamond_mine, serial_shops, shop,
          nicolae_shop_bloodbath_and_beyond, nicolae_shop_tiny_real_fake_doors,
          shop, shop_statue, nicolae_orc_rockfall
Elf:1:    eino_elf_arrival_sip, layout_geoelf_octagon, serial_shops, shop,
          basic_altar, gammafunk_ghost_berserking_beasts,
          hangedman_corner_corridor
Elf:2:    nicolae_elf_blades_splatter_lattice [nooodl_blade_entry_preview],
          layout_geoelf_diagonals, amcnicky_mini_pool_small
Elf:3:    minmay_elf_hall_four_x, layout_rooms
Vaults:1: nicolae_vaults_apartment_2, hangedman_vaults_hat,
          nicolae_vaults_layer_cake_slice, nicolae_vaults_trapezoid_lopsided_1,
          ontoclasm_vaults_spin, v_misc_5, nicolae_vaults_storage_closets_2,
          nicolae_vaults_double_plus_1, nicolae_vaults_steering_wheel,
          nicolae_vaults_big_ls, layout_vaults_quadrants, serial_shops, shop
Vaults:2: nicolae_vaults_house_1, nicolae_vaults_meiosis,
          nicolae_vaults_offset_grid_hallway_2, v_rooms_6,
          nicolae_vaults_six-pack, nicolae_vaults_turnstiles,
          hangedman_vaults_slither, nicolae_vaults_doubleplus_tesselated,
          v_misc_17, ontoclasm_vaults_ligature, nicolae_vaults_little_squares_6,
          grunt_vaults_hallway_long, vaults_room_pools, layout_vaults_ring,
          uniq_margery, uniq_mara
Vaults:3: nicolae_vaults_spaceships, nicolae_vaults_shrinking_rooms_1,
          nicolae_vaults_alarming, nicolae_vaults_heart-shaped_vault, v_misc_17,
          nicolae_vaults_security_offices_3, nicolae_vaults_tetromino_T_2,
          nicolae_vaults_sesquioval_fish, nicolae_vaults_tetromino_L_1,
          minmay_crypt_entry_necro_gods, layout_vaults_omnibox, serial_shops,
          shop
Vaults:4: vaults_mumra_chevron, vaults_standard_mumra_x,
          nicolae_vaults_storage_room_water, vaults_mumra_hex,
          hangedman_vaults_capsules, vaults_dpeg_hooks,
          nicolae_vaults_yaktaur_gun_rack, hangedman_vaults_locks,
          hangedman_vaults_maws, nicolae_vaults_diagonal_hallway_8,
          ontoclasm_vaults_shuriken, nicolae_vaults_variable_pillar_hall,
          layout_vaults_big_room, serial_shops, nicolae_shop_getting_attention
Vaults:5
Crypt:1:  minmay_skeleton_keep, layout_regular_city, st_stairs_3
Crypt:2:  layout_rooms
Crypt:3:  david_glass_crypt, layout_chaotic_city,
          nicolae_tomb_entry_unfolded_pyramid_diagonal,
          infiniplex_enter_wizlab_water
Depths:1: nicolae_cairo_tiling_large, layout_cave_shapes,
          pf_hell_entry_tar_river, nicolae_abyss_entry_one_way_or_another,
          roderic_lattice_a, bloody_trog
Depths:2: minmay_the_grid_triangle_9x9_recursive_3_mashed
          [minmay_the_grid_triangle_9x9_checkered,
          minmay_the_grid_triangle_9x9_stretched_checkered,
          minmay_the_grid_triangle_9x9_limited_checkers,
          minmay_the_grid_triangle_9x9_prize_insulated,
          minmay_the_grid_triangle_9x9_empty,
          minmay_the_grid_triangle_9x9_pentomino_pain,
          minmay_the_grid_triangle_9x9_wacky_v,
          minmay_the_grid_triangle_9x9_steps,
          minmay_the_grid_triangle_9x9_warning], layout_long_grid,
          enter_ziggurat_e, minmay_misc_feat_cross, pf_coc_iceberg,
          rand_demon_pan_entry_9, infiniplex_staircase_door_maze
Depths:3: nicolae_cairo_tiling_large_dashed, layout_honeycomb,
          grunt_pan_entry_spiral, abyss_entry_crystal, hell_entry,
          nemelex_lonely_heart_becter, nicolae_ru_awakened_eye, uniq_sojobo,
          uniq_grunn, uniq_enchantress, uniq_boris
Depths:4: grunt_zot_entry_gee_three, layout_basic, lightli_too_deep, pan_entry,
          serial_rivers, chequers_serial_rivers_micro_e,
          chequers_serial_rivers_small_a, chequers_serial_rivers_micro_e,
          chequers_serial_rivers_micro_a, chequers_serial_rivers_micro_c,
          minmay_misc_feat_four_crosses, minmay_shop_grove, uniq_mennas
Hell
Zot:1:    layout_onion
Zot:2:    layout_cathedral_of_symmetry
Zot:3:    layout_cathedral_of_symmetry
Zot:4:    layout_twisted_circle, nicolae_lava_and_water, st_stairs_9

Skill      XL: |  1  2  3  4  5  6  7  8  9 10 11 12 13 14 15 16 17 18 19 20 21 22 23 24 25 26 27 |
---------------+----------------------------------------------------------------------------------+-----
Ice Magic      | 5 6 7 8 |  8.0
Fighting       | 1 2 3 4 5 6 7 8 9 10 11 12 13 14 15 16 17 | 17.0
Spellcasting   | 3 4 5 6 7 8 9 10 11 12 13 14 15 16 18 | 18.5
Summonings     | 1 2 3 5 7 9 10 12 13 14 15 16 17 18 19 20 22 | 22.6
Stealth        | 3 4 15 | 15.5
Dodging        | 3 4 5 7 8 9 10 11 12 13 | 13.3
Invocations    | 1 4 5 6 7 8 9 10 11 12 | 12.0
Long Blades    | 2 4 5 6 7 8 9 10 11 | 11.0
Shields        | 2 4 6 7 8 9 10 11 12 13 14 16 | 16.0
Hexes          | 1 5 7 8 9 |  9.0
Transmutations | 1 4 6 7 8 9 10 11 | 11.0
Armour         | 3 4 5 6 7 8 9 10 | 10.0
Conjurations   | 3 7 9 12 13 14 15 | 15.0
Earth Magic    | 4 5 7 8 9 10 11 12 | 12.7
Necromancy     | 1 7 8 |  8.0

Action                     |  1- 3 |  4- 6 |  7- 9 | 10-12 | 13-15 | 16-18 | 19-21 | 22-24 | 25-27 || total
---------------------------+-------+-------+-------+-------+-------+-------+-------+-------+-------++-------
  Melee: Hand axe          |    26 |    23 |       |       |       |       |       |       |       ||    49
         Short sword       |       |    32 |       |       |    18 |       |       |       |       ||    50
         Punch             |       |     1 |     1 |     2 |       |       |       |       |       ||     4
         Staff             |       |    20 |    22 |    25 |    48 |    42 |     1 |     3 |       ||   161
         Flail             |       |       |    35 |    33 |       |       |       |       |       ||    68
         Scimitar          |       |       |       |   147 |    64 |   123 |    18 |       |       ||   352
         Spear             |       |       |       |       |    81 |    17 |    11 |     4 |     3 ||   116
         Double sword      |       |       |       |       |       |       |   136 |   185 |   349 ||   670
   Cast: Freeze            |    52 |    39 |    37 |    70 |   105 |    10 |       |       |       ||   313
         Frozen Ramparts   |       |    16 |    29 |    40 |    19 |       |       |       |       ||   104
         Ozocubu's Armour  |       |     4 |    19 |    42 |    71 |    70 |    37 |    28 |    11 ||   282
         Summon Ice Beast  |       |       |    13 |    32 |   117 |    82 |       |       |       ||   244
         Summon Mana Viper |       |       |       |       |   127 |   115 |    16 |     9 |       ||   267
         Summon Cactus Gia |       |       |       |       |    67 |   102 |       |       |       ||   169
         Yara's Violent Un |       |       |       |       |     9 |    13 |    33 |    17 |    19 ||    91
         Stone Arrow       |       |       |       |       |       |    51 |       |       |       ||    51
         Monstrous Menager |       |       |       |       |       |    65 |   168 |   160 |   164 ||   557
         Spellforged Servi |       |       |       |       |       |     4 |    78 |    77 |   116 ||   275
         Summon Hydra      |       |       |       |       |       |       |    98 |    81 |    49 ||   228
         Iron Shot         |       |       |       |       |       |       |    74 |   124 |   221 ||   419
         Statue Form       |       |       |       |       |       |       |     4 |     6 |    33 ||    43
         Chain Lightning   |       |       |       |       |       |       |       |     1 |       ||     1
         Freezing Cloud    |       |       |       |       |       |       |       |       |    14 ||    14
         Summon Horrible T |       |       |       |       |       |       |       |       |    45 ||    45
         Irradiate         |       |       |       |       |       |       |       |       |     4 ||     4
         Sublimation of Bl |       |       |       |       |       |       |       |       |    95 ||    95
         Haunt             |       |       |       |       |       |       |       |       |    44 ||    44
         Dragon's Call     |       |       |       |       |       |       |       |       |    25 ||    25
 Invoke: Channel Magic     |       |       |       |       |     3 |     7 |    13 |     9 |     9 ||    41
         Forget Spell      |       |       |       |       |       |     1 |     1 |       |       ||     2
         Divine Exegesis   |       |       |       |       |       |       |       |     1 |       ||     1
Ability: End Transformatio |       |       |       |       |       |       |     3 |     2 |    14 ||    19
  Evoke: Wand              |       |     1 |       |       |     1 |       |       |     2 |       ||     4
         Phantom mirror    |       |       |       |       |       |       |     1 |     2 |     4 ||     7
    Use: Scroll            |       |     1 |     5 |    10 |    10 |    10 |    14 |     3 |    22 ||    75
         Potion            |       |       |     1 |       |     3 |     2 |       |    16 |    18 ||    40
   Stab: Sleeping          |     4 |     3 |       |     1 |       |     1 |     1 |     1 |     1 ||    12
         Distracted        |       |       |       |     3 |    12 |     7 |     5 |    15 |    16 ||    58
         Paralysed         |       |       |       |       |       |       |       |     6 |     2 ||     8
         Confused          |       |       |       |       |       |       |       |     1 |       ||     1
 Armour: Robe              |    12 |    22 |    51 |    87 |   164 |   170 |    93 |    90 |   111 ||   800
         Skin              |       |       |       |       |       |       |     6 |    45 |   178 ||   229
  Dodge: Dodged            |    42 |    64 |    86 |   187 |   285 |   439 |   199 |   248 |   471 ||  2021
  Block: Kite shield       |       |       |       |    76 |   114 |   214 |   356 |   419 |   858 ||  2037
         Buckler           |       |       |       |     4 |    82 |   124 |       |       |       ||   210
         Reflection        |       |       |       |       |       |       |       |    12 |    25 ||    37
